AoeStats
← ZIZENIODA

MegaRandom

510197274Analyzed
2v2 RM · 2d ago on Sep 29, 2026· 57m 3s· 4 players
Game mode
Random Map
Map size
Medium (4 player)
Population
200
Speed
Normal
Resources
Standard
Victory
Conquest
Starting age
Dark Age
Ending age
Imperial Age
RankedLock teamsTeams togetherTeam positionsShared explorationLock speedFull tech treeHidden civsTurbo modeCheats
Victory
Defeat
🇦🇷 Huns · Argentina
1377
+7
🇦🇷 Burgundians · Argentina
861
+80
🇮🇹 Huns · Italy
1146
-17
🇮🇹 Gurjaras · Italy
1145
-17
OctiManzur
13:51 Feudal Age
16:02 Loom
17:42 Horse Collar
19:57 Gold Mining
19:54 Double-Bit Axe
22:24 Heavy Plow
23:04 Bow Saw
23:33 Wheelbarrow
24:53 Gold Shaft Mining
27:35 Castle Age
27:28 Scale Barding Armor
28:40 Husbandry
28:03 Cavalier
32:33 Chain Barding Armor
ZIZENIODA
6:43 Loom
9:19 Feudal Age
9:51 Double-Bit Axe
9:48 Horse Collar
16:08 Wheelbarrow
19:37 Castle Age
19:04 Fletching
19:19 Gold Mining
19:54 Bloodlines
20:16 Bodkin Arrow
20:32 Bow Saw
23:15 Husbandry
28:17 Padded Archer Armor
31:51 Ballistics
32:20 Elite Skirmisher
33:15 Thumb Ring
37:23 Imperial Age
36:33 Leather Archer Armor
37:40 Heavy Plow
38:07 Bracer
40:27 Chemistry
42:47 Parthian Tactics
42:01 Light Cavalry
43:05 Scale Barding Armor
47:07 Heavy Cavalry Archer
49:02 Chain Barding Armor
50:31 Forging
51:34 Hussar
53:26 Gold Shaft Mining
52:42 Stone Mining
53:38 Iron Casting
53:41 Plate Barding Armor
55:35 Iron Casting
55:13 Cavalier
58:13 Blast Furnace
Avocado2.0
10:57 Feudal Age
10:31 Loom
15:15 Castle Age
15:10 Double-Bit Axe
20:21 Horse Collar
21:56 Scale Barding Armor
22:29 Husbandry
24:42 Fletching
27:41 Bloodlines
28:54 Forging
30:51 Bow Saw
39:50 Imperial Age
37:57 Wheelbarrow
37:09 Town Watch
38:58 Gold Mining
39:48 Light Cavalry
43:00 Heavy Camel Rider
45:06 Masonry
46:03 Chain Barding Armor
Rocketduck
8:24 Loom
10:10 Feudal Age
12:29 Horse Collar
12:36 Double-Bit Axe
13:06 Forging
14:17 Bloodlines
22:25 Castle Age
21:04 Fletching
22:16 Padded Archer Armor
24:27 Bow Saw
24:39 Bodkin Arrow
27:14 Ballistics
31:15 Leather Archer Armor
34:00 Elite Skirmisher
38:01 Scale Barding Armor
42:06 Wheelbarrow
41:39 Thumb Ring
45:09 Imperial Age
46:04 Bracer
46:54 Parthian Tactics
50:18 Gold Mining
53:36 Chemistry
Connection lost

Rejoining the realm…

Still unreachable

The connection could not be restored.

Session expired

The server has moved on; the page needs a fresh start.